 Dungeon Crawl Stone Soup version 0.25-a0-1137-g7f6bfe439b (webtiles) character file.

Game seed: 10244266821416175050, levelgen mode: deterministic

1893 Aviak the Covered (level 9, -1/56 HPs)
             Began as a Tengu Berserker on May 23, 2020.
             Was an Elder of Trog.
             Slain by a gnoll
             ... wielding a +2 spear of electrocution
              (10 damage)
             ... on level 8 of the Dungeon.
             The game lasted 00:06:45 (6325 turns).

Aviak the Covered (Tengu Berserker)                 Turns: 6325, Time: 00:06:46

Health: -1/56      AC: 10    Str: 22    XL:     9   Next: 15%
Magic:  10/10      EV: 17    Int: 13    God:    Trog [****..]
Gold:   307        SH:  5    Dex: 14    Spells: 8/8 levels left

rFire    . . .     SeeInvis +   p - +1 broad axe of the Endless Expanse {holy, Str+4 Int+3 SInv} (curse)
rCold    . . .     Gourm    .   (no shield)
rNeg     . . .     Faith    .   s - +0 ring mail
rPois    .         Spirit   .   (helmet restricted)
rElec    .         Reflect  +   q - +0 cloak
rCorr    +         Harm     .   j - +1 pair of gloves
MR       ++...                  (boots unavailable)
Stlth    +.........             v - amulet of reflection
HPRegen  1.18/turn              k - ring of resist corrosion
MPRegen  0.12/turn              Z - ring of see invisible

@: lethally poisoned (-1 -> -2), berserk cooldown, flying quickly and evasively,
regenerating, slowed, very slow
A: beak, talons 3, able to fly
a: Stop Flying, Berserk, Trog's Hand, Brothers in Arms, Renounce Religion


You were on level 8 of the Dungeon.
You worshipped Trog.
Trog was greatly pleased with you.
You were near starving.

You visited 2 branches of the dungeon, and saw 9 of its levels.

You collected 307 gold pieces.

Inventory:

Hand Weapons
 a - a +0 spear
 p - the cursed +1 broad axe of the Endless Expanse (weapon) {holy, Str+4 Int+3 SInv}
   (You found it on level 5 of the Dungeon)

   It has been blessed by the Shining One to cause great damage to the undead
   and demons.
   It affects your strength (+4).
   It affects your intelligence (+3).
   It lets you see invisible.
   It has a curse placed upon it.
Armour
 j - a +1 pair of gloves (worn)
 q - a +0 cloak (worn)
 s - a +0 ring mail (worn)
Jewellery
 k - a ring of resist corrosion (left hand)
 v - an amulet of reflection (around neck)
 Z - a ring of see invisible (right hand)
Wands
 A - a wand of iceblast (10)
Scrolls
 d - 3 scrolls of fog {unknown}
 f - a scroll of enchant weapon {unknown}
 g - 3 scrolls of amnesia {unknown}
 i - 3 scrolls of identify
 l - 2 scrolls of fear
 n - 2 scrolls of enchant armour {unknown}
 o - a scroll of noise {unknown}
 r - 5 scrolls of remove curse
 t - 2 scrolls of teleportation
 w - 2 scrolls of magic mapping {unknown}
 x - 4 scrolls of blinking
 y - a scroll of immolation {unknown}
Potions
 b - a potion of brilliance {unknown}
 e - a potion of berserk rage {unknown}
 h - 5 potions of heal wounds
 m - a potion of degeneration {unknown}
 u - a potion of curing {unknown}
 z - a potion of invisibility {unknown}
 B - a potion of mutation {unknown}
Comestibles
 c - 8 rations


   Skills:
 + Level 6.5 Fighting
 + Level 4.7(5.8) Axes
 - Level 5.1(6.0) Polearms
 + Level 6.7 Armour
 + Level 6.6 Dodging


You had 8 spell levels left.
You didn't know any spells.
Your spell library was empty.

Dungeon Overview and Level Annotations

Branches:
Dungeon (8/15)             Temple (1/1) D:6
   Lair: D:8-11

Altars:
Ashenzari
Cheibriados
Dithmenos
Elyvilon
Fedhas
Gozag
Hepliaklqana
Kikubaaqudgha
Makhleb
Nemelex Xobeh
Okawaru
Qazlal
Ru
Sif Muna
Trog
Uskayaw
Wu Jian
Xom
Zin
The Shining One

Shops:
D:5 (

Annotations:
D:8 1 transporter, Grum; MisterFreud's ghost, novice OpGl


Innate Abilities, Weirdness & Mutations

You have a beak for a mouth.
You have claws for feet.
You can fly continuously.


Message History

The gnoll hits you from afar with a +2 spear of electrocution.
You are electrocuted!
* * * LOW HITPOINT WARNING * * *
Unknown command.
Evoke which item? (* to show all) (? for menu, Esc to quit)
Okay, then.
Evoke which item? (* to show all) (? for menu, Esc to quit)
Aiming: Iceblast
Press: ? - help, Shift-Dir - straight line The mass of ice explodes!
The iceblast engulfs the plant.
The plant is lightly damaged.
The iceblast engulfs the gnoll!
The gnoll is almost dead.
The iceblast engulfs the gnoll!
You kill the gnoll!
Trog accepts your kill.
You feel sick.
The gnoll sergeant completely misses you.
The gnoll hits you but does no damage.
You are electrocuted!
You die...

## ###.##≈≈.######### #.≈≈#. ..
...g#≈≈.# #.≈≈### #'##.###≈≈.##
#.≈≈.. #$$$#.#..≈≈..#####
#.≈≈.##.#! )#g##.≈≈......#
#.≈≈.#. # #Wg#.≈≈......#
#.≈≈.##.#####g##.≈≈......#
##.....#.#8⌠8#)#..≈≈......#
#.....©#.'.©)@†#©.≈≈......#
#......#.#P..#.#..≈≈..#.###
#..≈≈.##.##g##.##.≈≈.##.#
#..≈≈.#gg#P.P#..#.≈≈.##.#
#..≈≈.##.'...+.##?≈≈....####
#..≈≈..#.#P.P#.#..≈≈........
####..≈≈###.##+##.###≈≈..##.#..
......≈≈#.g........g#≈≈.....#..
.##...≈≈##.###.###g##≈≈..#.....


You could see 2 gnoll sergeants, MisterFreud's ghost and 3 gnolls.

Vanquished Creatures
  Grinder (D:6)
  Sigmund (D:6)
  A sky beast (D:6)
  3 ogres
  2 wolves (D:8)
  A centaur (D:6)
  2 big kobolds
  2 bullfrogs (D:7)
  2 hounds
  2 jellies
  Crazy Yiuf (D:5)
  2 bullfrog skeletons
  2 orc priests (D:4)
  A gnoll shaman (D:8)
  An iron imp (D:6)
  A centaur skeleton (D:5)
  A worker ant (D:4)
  3 orc wizards
  A hound zombie (D:5)
  9 gnolls
  5 adders
  2 shadow imps (D:7)
  2 oozes
  An adder zombie (D:6)
  An adder skeleton (D:4)
  A worm (D:4)
  A dart slug (D:1)
  3 leopard geckos
  13 orcs
  5 giant cockroaches
  4 goblins
  A hobgoblin (D:3)
  2 jackals (D:7)
  2 quokkas
  4 ball pythons
  5 bats
  A frilled lizard (D:2)
  2 goblin skeletons (D:6)
  2 hobgoblin zombies (D:6)
  11 kobolds
  A kobold skeleton (D:6)
  2 kobold zombies (D:6)
  2 orc skeletons (D:6)
  An orc zombie (D:6)
  A quokka skeleton (D:7)
  A quokka zombie (D:6)
  10 rats
  A plant (D:8)
126 creatures vanquished.

Notes
Turn   | Place    | Note
-------+----------+-------------------------------------------
     0 | D:1      | Aviak the Tengu Berserker began the quest for the Orb.
     0 | D:1      | Reached XP level 1. HP: 14/14 MP: 2/2
   334 | D:1      | Reached XP level 2. HP: 19/19 MP: 3/3
   996 | D:2      | Reached XP level 3. HP: 15/23 MP: 4/4
  1638 | D:2      | Reached XP level 4. HP: 28/28 MP: 5/5
  2349 | D:3      | Reached ** piety under Trog
  2522 | D:3      | Gained mutation: You can fly continuously. [Tengu growth]
  2522 | D:3      | Reached XP level 5. HP: 33/33 MP: 6/6
  2837 | D:4      | Reached XP level 6. HP: 38/38 MP: 7/7
  3131 | D:4      | Found a shimmering altar of Xom.
  3131 | D:4      | Found a white marble altar of Elyvilon.
  3295 | D:5      | Entered Level 5 of the Dungeon
  3343 | D:5      | Reached skill level 5 in Polearms
  3554 | D:5      | Reached XP level 7. HP: 36/44 MP: 8/8
  3746 | D:5      | Found Batsidwi's Weapon Boutique.
  3813 | D:5      | Got a slimy broad axe
  3814 | D:5      | Identified the cursed +1 broad axe of the Endless Expanse
                  | {holy, Str+4 Int+3 SInv} (You found it on level 5 of the
                  | Dungeon)
  4082 | D:5      | Found a runed translucent door.
  4083 | D:5      | Noticed Crazy Yiuf
  4228 | D:5      | Killed Crazy Yiuf
  4228 | D:5      | Reached *** piety under Trog
  4274 | D:6      | Noticed Sigmund
  4282 | D:6      | Killed Sigmund
  4282 | D:6      | Reached skill level 1 in Axes
  4283 | D:6      | Reached skill level 5 in Fighting
  4283 | D:6      | Reached skill level 5 in Armour
  4283 | D:6      | Reached skill level 5 in Dodging
  4495 | D:6      | Noticed Grinder
  4503 | D:6      | Killed Grinder
  4503 | D:6      | Reached XP level 8. HP: 49/49 MP: 9/9
  4760 | D:6      | Found a glowing golden altar of the Shining One.
  4913 | D:6      | Found a staircase to the Ecumenical Temple.
  4983 | D:6      | Found an opulent altar of Gozag.
  5054 | Temple   | Entered the Ecumenical Temple
  5659 | D:7      | Found a shimmering altar of Xom.
  6214 | D:8      | Found a transporter.
  6220 | D:8      | Noticed MisterFreud's ghost (novice OpGl)
  6222 | D:8      | Identified the +11 spear "Cagonufa" {vamp, Int+3 Stlth-}
  6222 | D:8      | Identified the +0 scale mail "Ynaunkok" {MR+ Regen+ Dex-4}
  6222 | D:8      | Identified the cursed +0 buckler of Starshine {Str+4
                  | Slay+3}
  6223 | D:8      | Noticed Grum
  6263 | D:8      | Reached XP level 9. HP: 54/55 MP: 10/10
  6284 | D:8      | Found a transporter.
  6307 | D:8      | Reached **** piety under Trog
  6325 | D:8      | Slain by a gnoll

Illustrated notes

Levels and vault maps discovered:
D:1:      dpeg_arrival_ratfight, layout_basic
D:2:      layout_basic, minmay_misc_feat_tiny
D:3:      layout_basic, minmay_misc_feat_four_crosses
D:4:      layout_cave_pools, gammafunk_temple_overflow_wave, first_ration,
          kennysheep_doodads, chequers_serial_rivers_micro_c,
          roderic_roman_lattice, minmay_tree_intersection
D:5:      layout_rooms, serial_shops, shop, uniq_crazy_yiuf_cottage
D:6:      layout_gridville, nicolae_gozag_seed_capital,
          nicolae_tso_besieged_by_evil, minmay_temple_entry_antechambers,
          uniq_grinder, uniq_sigmund
D:7:      layout_gridville, tgw_xom
D:8:      layout_loops_cross, lemuel_mausoleum_altar_yredelemnul,
          fiery_altar_vehumet, gammafunk_ghost_gnarly_gnolls
Temple:   regret_index_temple_sphere_string

Skill      XL: |  1  2  3  4  5  6  7  8 |
---------------+-------------------------+-----
Armour         | 3 4 5 6 |  6.7
Dodging        | 3 4 5 6 |  6.6
Polearms       | 4 5 |  5.1
Fighting       | 4 5 6 |  6.5
Axes           | 2 4 |  4.7

Action                   |  1- 3 |  4- 6 |  7- 9 || total
-------------------------+-------+-------+-------++-------
Melee: Spear             |    57 |    98 |    12 ||   167
       Kick              |    11 |    29 |    37 ||    77
       Peck              |     6 |    12 |    28 ||    46
       Broad axe         |       |       |   123 ||   123
Invok: Berserk           |       |     3 |     3 ||     6
       Trog's Hand       |       |       |     1 ||     1
 Abil: Fly               |       |       |     1 ||     1
Evoke: Wand              |       |       |     1 ||     1
  Use: Scroll            |       |     6 |     1 ||     7
       Potion            |       |       |     1 ||     1
 Stab: Sleeping          |     3 |     2 |       ||     5
  Eat: Chunk             |     2 |     7 |     2 ||    11
       Ration            |       |     1 |     2 ||     3
Armor: Animal skin       |     7 |     3 |       ||    10
       Ring mail         |       |    10 |    41 ||    51
Dodge: Dodged            |    21 |    37 |   134 ||   192
Block: Other             |       |       |    36 ||    36
       Reflection        |       |       |     1 ||     1

Table legend:
 A = Non-vault XP
 B = Vault XP
 C = Vault XP percentage of total XP
 D = Non-vault monster count
 E = Vault monster count
 F = Vault count percentage of total count
                 A         B        C        D         E       F
            +---------+---------+-------+---------+---------+-------
      Total |    1788 |     917 |  33.9 |      98 |      27 |  21.6
            +---------+---------+-------+---------+---------+-------
        D:1 |      22 |       5 |  18.5 |      12 |       5 |  29.4
        D:2 |      81 |       0 |   0.0 |      15 |       0 |   0.0
        D:3 |      65 |       0 |   0.0 |      13 |       0 |   0.0
        D:4 |     238 |       0 |   0.0 |      14 |       0 |   0.0
        D:5 |     296 |      41 |  12.2 |      15 |       1 |   6.2
        D:6 |     442 |     529 |  54.5 |       9 |      13 |  59.1
        D:7 |     513 |       0 |   0.0 |      14 |       0 |   0.0
        D:8 |     131 |     342 |  72.3 |       6 |       8 |  57.1
            +---------+---------+-------+---------+---------+-------
